 Dungeon Crawl Stone Soup version 0.27.1 (webtiles) character file.

Game seed: 13994483489822543424

657 MajorAdolf the Skirmisher (level 7, -4/60 (70) HPs)
             Began as a Naga Wanderer on Aug 30, 2021.
             Slain by Edmund (12 damage)
             ... on level 5 of the Dungeon.
             The game lasted 00:06:06 (4796 turns).

MajorAdolf the Skirmisher (Naga Wanderer)           Turns: 4796, Time: 00:06:07

HP:   -4/60 (70)    AC:  7    Str: 15    XL:     7   Next: 55%
MP:   10/10         EV:  9    Int: 13    God:
Gold: 211           SH:  0    Dex: 11    Spells: 10/10 levels left

rFire    . . .     SeeInvis +   c - +1 dagger (venom)
rCold    . . .     Faith    .   (no shield)
rNeg     . . .     Spirit   .   b - +0 robe
rPois    +         Reflect  .   g - +2 helmet
rElec    .         Harm     .   (no cloak)
rCorr    .         Rampage  .   n - +0 pair of gloves
Will     .....                  (no barding)
Stlth    +++.......             (no amulet)
HPRegen  0.20/turn              u - ring of flight
MPRegen  0.12/turn              (no ring)

@: short of breath, flying, heavily drained, very slow
A: AC +2, large, see invisible, deformed body, poison resistance, slowness 2,
spit poison 1, naga tail 1
a: Spit Poison


You were on level 5 of the Dungeon.
You visited 1 branch of the dungeon, and saw 5 of its levels.

You collected 211 gold pieces.

Inventory:

Hand Weapons
 a - a +2 hand axe
 c - a +1 dagger of venom (weapon)
 e - a +2 short sword of freezing
Armour
 b - a +0 robe (worn)
 g - a +2 helmet (worn)
 n - a +0 pair of gloves (worn)
Magical Staves
 d - a staff of poison
Jewellery
 u - a ring of flight (left hand)
Wands
 q - a wand of iceblast (8)
Scrolls
 f - 2 scrolls of fear {unknown}
 i - 7 scrolls of identify {unknown}
 l - a scroll of summoning {unknown}
 o - 2 scrolls of teleportation {unknown}
 r - a scroll of silence {unknown}
 t - a scroll of immolation {unknown}
Potions
 h - 3 potions of curing {unknown}
 j - 2 potions of haste {unknown}
 m - 4 potions of heal wounds {unknown}
 p - a potion of attraction {unknown}
 s - 2 potions of magic {unknown}


   Skills:
 + Level 6.7 Fighting
 - Level 2.0 Axes
 - Level 1.5 Armour
 - Level 5.3 Stealth
 - Level 1.0 Shields
 - Level 2.0 Spellcasting
 - Level 2.0 Transmutations
 - Level 1.0 Air Magic
 - Level 1.0 Evocations


You had 10 spell levels left.
You didn't know any spells.
Your spell library contained the following spells:

 Spells                   Type           Power      Damage    Failure   Level
 Sting                    Tmut/Pois      12%        1d3       17%         1
 Apportation              Tloc           2%         N/A       26%         1
 Magic Dart               Conj           4%         1d3       26%         1
 Corpse Rot               Necr/Air       N/A        N/A       30%         2
 Poisonous Vapours        Pois/Air       4%         N/A       30%         2
 Searing Ray              Conj           2%         3d3       36%         2
 Slow                     Hex            1%         N/A       36%         2
 Spider Form              Tmut/Pois      1%         N/A       45%         3
 Confusing Touch          Hex            1%         N/A       58%         3
 Portal Projectile        Hex/Tloc       2%         N/A       58%         3
 Vampiric Draining        Necr           0%         2d6       58%         3
 Fulminant Prism          Conj/Hex       0%         3d6       94%         4
 Freezing Cloud           Conj/Ice/Air   1%         6-21      99%         5


Dungeon Overview and Level Annotations

Branches:
Dungeon (5/15)
 Temple: D:4-7

Altars:
Cheibriados
Dithmenos
Fedhas
Makhleb
Wu Jian

Shops:
D:3 *

Annotations:
D:5 Edmund


Innate Abilities, Weirdness & Mutations

Your serpentine skin is tough. (AC +2)
You have supernaturally acute eyesight. (SInv)
Armour fits poorly on your strangely shaped body.
Your system is resistant to poisons. (rPois)
You cover ground very slowly.
You can spit poison.
You have a snake-like lower body.


Message History

You hit Edmund.
Edmund is moderately wounded.
Edmund hits you with a +5 flail of draining!
You feel drained.
Unknown command.
You hit Edmund but do no damage.
Edmund looks as sick as possible!
Edmund is moderately wounded.
Edmund closely misses you.
Unknown command.
Edmund barely misses you.
You have got your breath back.
You see here the human corpse of Prince Ribbit.
Edmund clears his throat.
Edmund says, "People accused me of being a cutpurse!"
Edmund hits you but does no damage.
You feel drained.
You hit Edmund but do no damage.
Edmund looks as sick as possible!
Edmund is heavily wounded.
Edmund barely misses you.
Edmund hits you with a +5 flail of draining.
* * * LOW HITPOINT WARNING * * *
You feel drained.
* * * LOW HITPOINT WARNING * * *
Unknown command.
Edmund hits you with a +5 flail of draining.
* * * LOW HITPOINT WARNING * * *
You feel drained.
* * * LOW HITPOINT WARNING * * *
You hit Edmund but do no damage.
Edmund is severely wounded.
Edmund hits you with a +5 flail of draining.
* * * LOW HITPOINT WARNING * * *
You feel drained.
* * * LOW HITPOINT WARNING * * *
Unknown command.
Press: ? - help, Shift-Dir - straight line, f/p - Edmund
Aim: Edmund, wielding a +5 flail of draining and wearing a +0 chain mail (severely wounded, very poisoned)
The splash of poison hits Edmund.
Edmund is almost dead.
Edmund hits you with a +5 flail of draining!
You die...

.... #.#####.###>###
###..# #.# #.# h....#
#.# #.###.# ####.#
#.# #.....# .....#
#.# #.##### ###..####
#.# #.# #.....# #.#
#.##
#.###.###########.#
#..#
#......†....Z@@...#
#..#
#####...#############
#..# #...##.##...##
##.## #..#
.8.8.#.#.8.8.#
##...#####..#####.
.._..#.#.._..#
#.................
.8...#.#...8.#
##...#####..#####.
#...'#.#'...###
##.######........
#####...#####.## #.#
#......####.
......⌠........# #.#
#.##.#.###..


You could see Edmund (very poisoned) and a hornet zombie.

Vanquished Creatures
  Prince Ribbit (D:5)
  Sigmund (D:5)
  A black bear (D:5)
  A scorpion (D:5)
  A bullfrog skeleton (D:5)
  An orc wizard (D:3)
  3 adders
  A white imp (D:5)
  A worm (D:2)
  2 dart slugs
  3 orcs
  4 endoplasms
  3 giant cockroaches
  6 goblins
  8 hobgoblins
  7 jackals
  3 quokkas (D:1)
  6 ball pythons
  3 bats
  4 frilled lizards
  5 kobolds
  6 rats
71 creatures vanquished.

Vanquished Creatures (others)
  2 plants (D:2)
2 creatures vanquished.

Grand Total: 73 creatures vanquished

Notes
Turn   | Place    | Note
-------+----------+-------------------------------------------
     0 | D:1      | MajorAdolf the Naga Wanderer began the quest for the Orb.
     0 | D:1      | MajorAdolf set off with the following items: a +2 hand axe,
                  | a +0 robe; and the following spells available to memorise:
                  | Sting, Apportation, Spider Form, Portal Projectile
     0 | D:1      | Reached XP level 1. HP: 15/15 MP: 3/3
   240 | D:1      | Reached XP level 2. HP: 22/22 MP: 5/5
   322 | D:1      | Reached skill level 1 in Fighting
   423 | D:1      | Found a faded altar of an unknown god.
   848 | D:1      | Reached XP level 3. HP: 28/32 MP: 6/6
  1164 | D:2      | Reached skill level 2 in Fighting
  1345 | D:2      | Found a blossoming altar of Fedhas.
  1661 | D:2      | Reached skill level 3 in Fighting
  1661 | D:2      | Reached XP level 4. HP: 12/42 MP: 7/7
  2505 | D:3      | Reached skill level 1 in Stealth
  2699 | D:3      | Found Eptirgh's Assorted Antiques.
  3347 | D:3      | Reached XP level 5. HP: 49/49 MP: 8/8
  3944 | D:5      | Entered Level 5 of the Dungeon
  4323 | D:5      | Reached skill level 5 in Stealth
  4414 | D:5      | Found a snail-covered altar of Cheibriados.
  4417 | D:5      | Found a shadowy altar of Dithmenos.
  4420 | D:5      | Found an ornate altar of the Wu Jian Council.
  4423 | D:5      | Found a burning altar of Makhleb.
  4472 | D:5      | Noticed Sigmund
  4479 | D:5      | Killed Sigmund
  4480 | D:5      | Reached skill level 5 in Fighting
  4480 | D:5      | Reached XP level 6. HP: 48/61 MP: 9/9
  4634 | D:5      | Noticed Prince Ribbit
  4658 | D:5      | Killed Prince Ribbit
  4659 | D:5      | Reached skill level 6 in Fighting
  4659 | D:5      | Reached XP level 7. HP: 49/70 MP: 10/10
  4763 | D:5      | Noticed Edmund
  4796 | D:5      | Slain by Edmund

Illustrated notes

Levels and vault maps discovered:
D:1:      noname_arrival_rooms_in_the_neighbourhood, layout_basic,
          dreamdust_ecumenical_altar_statues, minmay_cut_off
D:2:      layout_basic, basic_altar, serial_bayou_pond_a
D:3:      layout_loops_corners, serial_shops, shop
D:4:      layout_gridville
D:5:      layout_loops_ring, grunt_temple_overflow_cloverleaf, uniq_edmund,
          uniq_sigmund, uniq_prince_ribbit1

Skill      XL: |  1  2  3  4  5  6 |
---------------+-------------------+-----
Axes           | 2 |  2.0
Fighting       | 1 3 5 6 |  6.7
Stealth        | 4 5 |  5.3
Armour         | |  1.5
Shields        | |  1.0
Spellcasting   | |  2.0
Transmutations | |  2.0
Air Magic      | |  1.0
Evocations     | |  1.0

Action                   |  1- 3 |  4- 6 |  7- 9 || total
-------------------------+-------+-------+-------++-------
Melee: Hand axe          |     5 |       |       ||     5
       Dagger            |    90 |   113 |    17 ||   220
Throw: Throwing net      |       |     1 |       ||     1
 Abil: Spit Poison       |    12 |     9 |     2 ||    23
 Stab: Sleeping          |       |     3 |       ||     3
       Held in net/web   |       |     1 |       ||     1
Armor: Robe              |    30 |    38 |     8 ||    76
Dodge: Dodged            |    41 |    64 |     6 ||   111
